 Dungeon Crawl Stone Soup version 0.30-a0-879-ga8ba668304 (webtiles) character file.

Game seed: 11683383568258313700

9 Indecide the Grave Robber (level 2, 20/20 HPs)
             Began as a Ghoul Necromancer on Mar 13, 2023.
             Quit the game on level 1 of the Dungeon.
             The game lasted 00:04:35 (324 turns).

Indecide the Grave Robber (Ghoul Necromancer)        Turns: 324, Time: 00:04:36

Health: 20/20      AC: 10    Str: 11    XL:     2   Next: 12%
Magic:  3/3        EV:  2    Int: 10    God:
Gold:   15         SH:  0    Dex:  9    Spells: 3/4 levels left

rFire   . . .      SeeInvis .    (no weapon)
rCold   + . .      Faith    .    (no shield)
rNeg    + + +      Spirit   .    c - +0 plate armour
rPois   ∞          Reflect  .    (no helmet)
rElec   .          Rampage  .    (no cloak)
rCorr   .                        (no gloves)
Will    .....                    (no boots) Stlth
                                 (no amulet)
HPRegen 0.23/turn                (no ring)
MPRegen 0.08/turn                (no ring)

@: no status effects
A: claws 1, cold resistance 1, negative energy resistance 3, inhibited
regeneration, torment resistance 2, devour on kill
a: no special abilities


You were on level 1 of the Dungeon.
You visited 1 branch of the dungeon, and saw 1 of its levels.

You collected 15 gold pieces.

Inventory:

Missiles
 g - 4 large rocks
Armour
 a - a +0 robe
 c - a +0 plate armour (worn)
Scrolls
 d - a scroll of identify {unknown}
 f - a scroll of enchant armour {unknown}
 h - a scroll of poison {unknown}
Potions
 b - a potion of magic
 e - a potion of ambrosia {unknown}


   Skills:
 + Level 2.1 Dodging
 + Level 2.1 Stealth
 + Level 0.5 Unarmed Combat
 + Level 1.7 Spellcasting
 + Level 4.1 Necromancy


You had 3 spell levels left.
You knew the following spells:

 Your Spells              Type           Power      Damage    Failure   Level
a - Necrotise             Necr           36%        1d5       100%        1

Your spell library contained the following spells:

 Spells                   Type           Power      Damage    Failure   Level
 Vampiric Draining        Necr           9%         2d6       100%        3
 Animate Dead             Necr           9%         N/A       100%        4
 Agony                    Necr           9%         N/A       100%        5


Dungeon Overview and Level Annotations

Branches:
Dungeon (1/15)

Altars:


Innate Abilities, Weirdness & Mutations

You are immune to poison.
You have sharp fingernails.
Your flesh is cold resistant. (rC+)
You are immune to negative energy. (rN+++)
You do not regenerate when monsters are visible.
You are immune to unholy pain and torment.
You thrive by killing the living.


Message History

The endoplasm freezes you.
You are frozen.
You resist.
Attack: -) Claws
Press: ? - help, Dir - move target, f/p - endoplasm
Aim: an endoplasm (heavily wounded, about 15% to evade your claws)
You scratch the endoplasm but do no damage.
The endoplasm is heavily wounded.
The endoplasm barely misses you.
Attack: -) Claws
Press: ? - help, Dir - move target, f/p - endoplasm
Aim: an endoplasm (heavily wounded, about 15% to evade your claws)
You scratch the endoplasm.
The endoplasm is severely wounded.
The endoplasm barely misses you.
Attack: -) Claws
Press: ? - help, Dir - move target, f/p - endoplasm
Aim: an endoplasm (severely wounded, about 15% to evade your claws)
You scratch the endoplasm.
You kill the endoplasm!
You see here a hobgoblin corpse.
You see here a hobgoblin corpse.
There are no objects that can be picked up here. a hobgoblin corpse
There are no objects that can be picked up here. a hobgoblin corpse
There are no objects that can be picked up here. a hobgoblin corpse You see here 4 large rocks.
g - 4 large rocks
Found a scroll labelled LAIMON TANYI.
A ball python comes into view.
The ball python hisses angrily.
You closely miss the ball python. The ball python bites you.
The ball python grabs you. The ball python constricts you.
You scratch the ball python.
You kill the ball python!
h - a scroll labelled LAIMON TANYI
Found a whip.
Found 2 scrolls labelled LAIMON TANYI.
Are you sure you want to abandon this character and quit the game? (Confirm with "yes".)

............#..#..~.~~~.~..#..###
............#...#~.~...~~.#......
............#.....~.....~#.......
.............†....#.....#........
..........##..##.#.#####.........
##.##########....##.....#.#..##..
#.. ####........#...###.# ..#
#.#...........)..# .#
#@..........###### .
#...................
...................###
...?..#)....#..####....#
............#.. ##.#.#
##............. #.... ....#
...$.#... ####. #...
...........#######.
#.##....##......


There were no monsters in sight!

Vanquished Creatures
  2 ball pythons (D:1)
  2 endoplasms (D:1)
  A giant cockroach (D:1)
  A hobgoblin (D:1)
  A bat (D:1)
  A kobold (D:1)
8 creatures vanquished.

Notes
Turn   | Place    | Note
-------+----------+-------------------------------------------
     0 | D:1      | Indecide the Ghoul Necromancer began the quest for the Orb.
     0 | D:1      | Reached XP level 1. HP: 14/14 MP: 2/2
   198 | D:1      | Found a faded altar of an unknown god.
   280 | D:1      | Reached XP level 2. HP: 17/20 MP: 3/3
   324 | D:1      | Quit the game

Illustrated notes

Levels and vault maps discovered:
D:1:      scummos_arrival_star, layout_rooms,
          shapermc_ecumenical_altar_starsandcircs

Skill      XL: |  1 |
---------------+----+-----
Dodging        | 2 |  2.1
Stealth        | |  2.1
Unarmed Combat | |  0.5
Spellcasting   | |  1.7
Necromancy     | |  4.1

Action                     || total
---------------------------++-------
  Melee: Unarmed           ||    38
 Armour: Plate armour      ||    13
         Robe              ||    11
  Dodge: Dodged            ||    19

Table legend: (Time is in decaauts)
 A = Elapsed time spent in this place.
 B = Non-inter-level travel time spent in this place.
 C = Inter-level travel time spent in this place.
 D = Time resting spent in this place.
 E = Time spent auto-exploring this place.
 F = Levels seen in this place.
 G = Mean time per level.
                   A        B        C        D        E       F      G
               +--------+--------+--------+--------+--------+-----+--------+
         Total |    328 |    328 |      0 |     38 |     59 |   1 |  328.0 |
       Dungeon |    328 |    328 |      0 |     38 |     59 |   1 |  328.0 |
               +--------+--------+--------+--------+--------+-----+--------+

Top non-repeatable levels by time:
     D:1: 328 daAuts
